 Dungeon Crawl Stone Soup version 0.29-a0-542-g075992c915 (webtiles) character file.

Game seed: 10956427957415904837

9 oldriver the Sneak (level 2, -1/25 HPs)
             Began as a Palentonga Delver on June 4, 2022.
             Killed from afar by an orc wizard (6 damage)
             ... with a puff of flame
             ... on level 5 of the Dungeon.
             The game lasted 00:00:40 (460 turns).

oldriver the Sneak (Palentonga Delver)               Turns: 460, Time: 00:00:41

Health: -1/25      AC:  4    Str: 15    XL:     2   Next: 3%
Magic:  2/2        EV:  9    Int: 10    God:
Gold:   0          SH:  0    Dex: 11    Spells: 1/1 levels left

rFire   . . .      SeeInvis +   a - +0 hand axe
rCold   . . .      Faith    .   (no shield)
rNeg    . . .      Spirit   .   b - +0 leather armour
rPois   .          Reflect  .   (no helmet)
rElec   .          Harm     .   (no cloak)
rCorr   .          Rampage  .   (no gloves)
Will    .....                   (no barding)
Stlth   ++........              (no amulet)
HPRegen 0.08/turn               (no ring)
MPRegen 0.08/turn               (no ring)

@: no status effects
A: large, rugged brown scales 3, see invisible, deformed body, roll 1, armoured
tail
a: Rolling Charge


You were on level 5 of the Dungeon.
You visited 1 branch of the dungeon, and saw 1 of its levels.

Inventory:

Hand Weapons
 a - a +0 hand axe (weapon)
Armour
 b - a +0 leather armour (worn)
Jewellery
 h - an amulet of faith
Wands
 g - a wand of digging (3)
Scrolls
 c - a scroll of fog
 d - a scroll of magic mapping
 e - a scroll of fear
Potions
 f - a potion of haste


   Skills:
 + Level 3.2 Fighting
 * Level 2.5 Axes
 - Level 1.5 Dodging
 - Level 3.3 Stealth


You had one spell level left.
You didn't know any spells.
Your spell library was empty.

Dungeon Overview and Level Annotations

Branches:
Dungeon (5/15)
 Temple: D:4-7

Altars:


Innate Abilities, Weirdness & Mutations

You are completely covered in rugged brown scales. (AC +3, +7% HP)
You have supernaturally acute eyesight. (SInv)
Armour fits poorly on your strangely shaped body.
You can roll at nearby foes to attack.
You have a long armoured tail.


Message History

You barely miss the orc. You hit the orc.
You kill the orc!
The orc hits you with a +0 club. x2
You are too injured to fight recklessly!
You are too injured to fight recklessly!
You barely miss the orc.
The orc is moderately wounded.
You hit the orc.
You kill the orc!
The orc hits you but does no damage.
You hit the orc.
You kill the orc!
You have reached level 2!
You start resting.
An orc wizard is nearby!
You start resting.
An orc wizard is nearby!
You roll forward with a clatter of scales!
The orc wizard shouts!
You hit the orc wizard. You tail-slap the orc wizard.
The orc wizard is moderately wounded.
The orc wizard casts a spell at you. The puff of flame hits you.
The orc wizard hits you but does no damage.
You closely miss the orc wizard.
The orc wizard is moderately wounded.
The orc wizard barely misses you.
You hit the orc wizard but do no damage.
The orc wizard is moderately wounded.
The orc wizard hits you with a +0 dagger.
You miss the orc wizard.
Your tail-slap misses the orc wizard.
The orc wizard is moderately wounded.
The orc wizard casts a spell at you. The puff of flame hits you!
* * * LOW HITPOINT WARNING * * *
You hit the orc wizard.
The orc wizard is heavily wounded.
The orc wizard casts a spell at you. The puff of flame hits you.
You die...

..### #......# #..
....###......## #..
......##......# #..
..............## #..
.......#.......# #..
.......#.......### #..
.......#...o.....#### #..
......##......##o.).####
#..
..oo..##.....###@))....###
#.. o...>.##...###
##........### #..
.....###...##
#..........####..
.....###....##
#............##..
....##.....l.#
#.........##.....
.............##
##........####...
.o..###.......# #........#
###. # ##.......##
##......## #...
#.........# ##.....# #...


You could see an orc wizard.

Vanquished Creatures
  3 orcs (D:5)
  2 jackals (D:5)
5 creatures vanquished.

Notes
Turn   | Place    | Note
-------+----------+-------------------------------------------
     0 | D:5      | oldriver the Palentonga Delver began the quest for the Orb.
     0 | D:5      | Reached XP level 1. HP: 19/19 MP: 1/1
     3 | D:5      | Noticed a necrophage
   306 | D:5      | Noticed an iguana
   345 | D:5      | Noticed an orc wizard
   374 | D:5      | Reached XP level 2. HP: 11/25 MP: 2/2
   460 | D:5      | Killed from afar by an orc wizard

Illustrated notes

Levels and vault maps discovered:
D:5:      layout_cave_pods, minmay_temple_entry_steel_oval, serial_shops,
          kennysheep_little_box

Action                   || total
-------------------------++-------
Melee: Hand axe          ||    19
       Tailslap          ||     3
 Abil: Rolling Charge    ||     2
Armor: Leather armour    ||    16
Dodge: Dodged            ||    16

Table legend: (Time is in decaauts)
 A = Elapsed time spent in this place.
 B = Non-inter-level travel time spent in this place.
 C = Inter-level travel time spent in this place.
 D = Time resting spent in this place.
 E = Time spent auto-exploring this place.
 F = Levels seen in this place.
 G = Mean time per level.
                   A        B        C        D        E       F      G
               +--------+--------+--------+--------+--------+-----+--------+
         Total |    463 |    463 |      0 |    290 |     41 |   1 |  463.0 |
       Dungeon |    463 |    463 |      0 |    290 |     41 |   1 |  463.0 |
               +--------+--------+--------+--------+--------+-----+--------+

Top non-repeatable levels by time:
     D:5: 463 daAuts
